 Dungeon Crawl Stone Soup version 0.27.1-33-g824d729ab1 (webtiles) character file.

Game seed: 3055539127336485838

181 potato4science the Distorting Demonspawn (level 5, 0/41 HPs)
             Began as a Demonspawn Abyssal Knight on Dec 28, 2021.
             Was a Believer of Lugonu.
             Splashed by a jelly's acid (7 damage)
             ... on level 3 of the Dungeon.
             The game lasted 00:09:18 (3352 turns).

potato4science the Distorting Demonspawn (DsAK)     Turns: 3352, Time: 00:09:20

Health: 0/41       AC:  0    Str: 14    XL:     5   Next: 34%
Magic:  8/8        EV: 14    Int: 19    God:    Lugonu [**....]
Gold:   118        SH:  4    Dex: 12    Spells: 4/4 levels left

rFire    . . .     SeeInvis .   l - +1 dagger (venom)
rCold    . . .     Faith    .   (no shield)
rNeg     . . .     Spirit   .   q - +0 scale mail
rPois    .         Reflect  .   i - +2 helmet
rElec    .         Harm     .   m - +0 cloak
rCorr    .         Rampage  .   (no gloves)
Will     .....                  (no boots)
Stlth    ..........             (no amulet)
HPRegen  0.13/turn              d - +4 ring of evasion
MPRegen  0.11/turn              h - +6 ring of intelligence

@: corroded
A: claws 1, condensation shield
a: Renounce Religion, Depart the Abyss, Bend Space


You were on level 3 of the Dungeon.
You worshipped Lugonu.
Lugonu was pleased with you.
You visited 1 branch of the dungeon, and saw 3 of its levels.
You visited the Abyss 1 time.

You collected 118 gold pieces.

Inventory:

Hand Weapons
 a - a +1 hand axe
 l - a +1 dagger of venom (weapon)
Missiles
 c - 84 stones (quivered)
 o - 8 boomerangs
Armour
 i - a +2 helmet (worn)
 m - a +0 cloak (worn)
 q - a +0 scale mail (worn)
Jewellery
 d - a +4 ring of evasion (left claw)
 h - a +6 ring of intelligence (right claw)
 t - a ring of protection from fire
Scrolls
 b - a scroll of fear {unknown}
 e - 2 scrolls of fog {unknown}
 g - 2 scrolls of magic mapping {unknown}
 j - 3 scrolls of identify {unknown}
 n - a scroll of blinking {unknown}
 p - a scroll of noise {unknown}
 s - a scroll of enchant weapon {unknown}
Potions
 f - a potion of cancellation {unknown}
 k - 2 potions of mutation {unknown}
 r - a potion of curing {unknown}


   Skills:
 + Level 3.4 Fighting
 - Level 2.0 Axes
 - Level 3.0 Armour
 - Level 3.0 Dodging
 - Level 4.0 Invocations


You had 4 spell levels left.
You didn't know any spells.
Your spell library contained the following spells:

 Spells                   Type           Power      Damage    Failure   Level
 Passwall                 Tmut/Erth      0%         N/A       77%         2
 Call Canine Familiar     Summ           0%         N/A       94%         3
 Portal Projectile        Hex/Tloc       0%         N/A       94%         3
 Swiftness                Air            0%         N/A       94%         3
 Leda's Liquefaction      Hex/Erth       0%         N/A       100%        4
 Invisibility             Hex            0%         N/A       100%        6


Dungeon Overview and Level Annotations

Branches:
Dungeon (3/15)

Altars:

Shops:
D:2 *

Annotations:
D:3 2 transporters, hilljack's ghost, amateur GrIE


Innate Abilities, Weirdness & Mutations

You have sharp fingernails.
A meltable shield of frost defends you. (SH +4)


Message History

The ball python grabs you. The ball python constricts you.
You closely miss the ball python.
The ball python bites you but does no damage.
The ball python constricts you.
You hit the ball python.
You kill the ball python!
Lugonu accepts your kill.
You see here a ball python corpse.
A jelly comes into view.
The jelly quivers.
You see here a manual of Unarmed Combat.
A jelly is nearby!
A jelly is nearby!
A jelly is nearby!
A jelly is nearby!
The jelly hits you but does no damage.
You hit the jelly. The acid corrodes you!
Your claws burn!
The jelly is moderately wounded.
You block the jelly's attack.
You hit the jelly but do no damage.
Your claws burn!
The jelly is moderately wounded.
You block the jelly's attack.
You hit the jelly. The acid corrodes you!
Your claws burn!
The jelly is heavily wounded.
The jelly hits you but does no damage.
You hit the jelly but do no damage. The acid corrodes you!
Your claws burn!
The jelly is heavily wounded.
The jelly hits you.
You are splashed with acid!
* * * LOW HITPOINT WARNING * * *
You hit the jelly but do no damage.
The jelly is poisoned.
Your claws burn!
* * * LOW HITPOINT WARNING * * *
The jelly is heavily wounded.
The jelly closely misses you.
You hit the jelly.
Your claws burn!
* * * LOW HITPOINT WARNING * * *
The jelly is heavily wounded.
The jelly hits you.
* * * LOW HITPOINT WARNING * * *
You are splashed with acid!
You die...

########## #.#....
#........# #.##.#.
#......?.# #.##...
#........# #.##...
#........# #.##...
#........# #.##.#.
#........# #....#.
#......:.######### ######.
#.....†...@J...... .......
######.####################
#............)........
######################


You could see a jelly (poisoned).

Vanquished Creatures
  An orc priest (D:3)
  7 adders
  A white imp (D:3)
  A worm (D:3)
  4 dart slugs
  5 orcs
  6 bats
  5 endoplasms
  4 giant cockroaches
  5 goblins
  3 hobgoblins
  14 kobolds
  9 ball pythons
  2 frilled lizards (D:1)
  5 rats
72 creatures vanquished.

Vanquished Creatures (others)
  22 plants
22 creatures vanquished.

Grand Total: 94 creatures vanquished

Notes
Turn   | Place    | Note
-------+----------+-------------------------------------------
     0 | Abyss:1  | potato4science the Demonspawn Abyssal Knight began the
                  | quest for the Orb.
     0 | Abyss:1  | Reached XP level 1. HP: 18/18 MP: 2/2
     0 | D:1      | Escaped the Abyss
    39 | D:1      | Reached skill level 1 in Dodging
    74 | D:1      | Reached * piety under Lugonu
   224 | D:1      | Reached skill level 3 in Invocations
   229 | D:1      | Gained mutation: A meltable shield of frost defends you.
                  | (SH +4) [demonic ancestry]
   229 | D:1      | Reached XP level 2. HP: 18/24 MP: 2/4
  1201 | D:1      | Reached XP level 3. HP: 29/29 MP: 5/5
  1535 | D:2      | Reached skill level 4 in Invocations
  1772 | D:2      | Reached XP level 4. HP: 31/35 MP: 7/7
  1810 | D:2      | Found Gaebal's General Store.
  1899 | D:2      | Found a faded altar of an unknown god.
  1905 | D:2      | Reached ** piety under Lugonu
  2244 | D:3      | Noticed hilljack's ghost (amateur GrIE)
  2315 | D:3      | Found a transporter.
  2344 | D:3      | Gained mutation: You have sharp fingernails. [demonic
                  | ancestry]
  2344 | D:3      | Reached XP level 5. HP: 23/41 MP: 8/8
  2971 | D:3      | Found a transporter.
  3352 | D:3      | Splashed by a jelly's acid

Illustrated notes

Levels and vault maps discovered:
D:1:      sevenhm_arrival_forest_fort_small_3, layout_basic,
          lexackson_kobold_supper
D:2:      layout_rooms, dilly_ecumenical_altar_fadedgnrine, serial_shops,
          nicolae_shop_stone
D:3:      layout_basic, gammafunk_ghost_arena

Skill      XL: |  1  2  3  4  5 |
---------------+----------------+-----
Dodging        | 1 2 3 |  3.0
Armour         | 2 3 |  3.0
Invocations    | 3 4 |  4.0
Axes           | 2 |  2.0
Fighting       | |  3.4

Action                   |  1- 3 |  4- 6 || total
-------------------------+-------+-------++-------
Melee: Hand axe          |    87 |       ||    87
       Dagger            |    44 |   125 ||   169
Throw: Stone             |     3 |       ||     3
Invok: Depart the Abyss  |     1 |       ||     1
Armor: Leather armour    |    39 |     7 ||    46
       Scale mail        |       |    30 ||    30
Dodge: Dodged            |    99 |    75 ||   174
Block: Other             |    16 |    27 ||    43
